 Dungeon Crawl Stone Soup version 0.19.4-25-g1b72edd (webtiles) character file.

64441 Ajonos the Devastator (level 15, -4/80 HPs)
             Began as a Gargoyle Fire Elementalist on Feb 28, 2017.
             Was a High Priest of Sif Muna.
             Killed from afar by a thorn hunter (28 damage)
             ... with a volley of thorns
             ... on level 3 of the Swamp on Mar 1, 2017.
             The game lasted 01:44:37 (21790 turns).

Ajonos the Devastator (Gargoyle Fire Elementalist) Turns: 21790, Time: 01:44:38

Health: -4/80      AC: 24    Str: 13      XL:     15   Next: 13%
Magic:  5/31       EV: 10    Int: 27 (28) God:    Sif Muna [*****.]
Gold:   1369       SH:  9    Dex: 12      Spells: 7 memorised, 14 levels left

rFire  + . .     SeeInvis .     H - staff of conjuration
rCold  . . .     Gourm    .     v - +2 robe {rC+}
rNeg   + . .     Faith    .     G - +0 buckler
rPois  ∞         Spirit   .     l - +2 hat {MR+}
rElec  +         Reflect  .     u - +2 cloak
rCorr  .         Harm     .     (no gloves)
MR     ++...     Clarity  +     V - +2 pair of boots {run}
Stlth  +++.......               o - amulet of magic regeneration
                                A - ring "Diwk" {Wiz rPois Int+5}
                                Q - ring of fire

@: grasped by roots, slow
A: big wings, hooves 1, repulsion field 1, large bone plates 1, thin skeletal
structure 1, clarity, clever 1, deterioration 1, negative energy resistance 1,
electricity resistance, unbreathing, petrification resistance, rot immunity, AC
+11
a: Fly, Divine Energy, Channel Magic, Forget Spell, Renounce Religion


You were on level 3 of the Swamp.
You worshipped Sif Muna.
Sif Muna was extremely pleased with you.
You were very hungry.

You visited 4 branches of the dungeon, and saw 22 of its levels.

You collected 1369 gold pieces.

Inventory:

Missiles
 n - 8 exploding tomahawks (quivered)
Armour
 l - a +2 hat of magic resistance (worn)
 m - a +2 robe of fire resistance
 u - a +2 cloak (worn)
 v - a +2 robe of cold resistance (worn)
 y - +0 pearl dragon scales
 G - a +0 buckler (worn)
 V - a +2 pair of boots of running (worn)
Magical Staves
 H - an uncursed staff of conjuration (weapon)
Jewellery
 o - an amulet of magic regeneration (around neck)
 A - the ring "Diwk" (right hand) {Wiz rPois Int+5}
   (You found it on level 3 of the Swamp)

   [ring of wizardry]

   It improves your spell success rate.
   It affects your intelligence (+5).
   It protects you from poison.
 Q - a ring of fire (left hand)
 S - a +5 ring of protection
 W - an uncursed ring of see invisible
Wands
 b - a wand of disintegration (17/24)
 h - a wand of polymorph (12/24)
Scrolls
 e - 3 scrolls of magic mapping
 j - a scroll of amnesia
 p - 7 scrolls of teleportation
 s - 11 scrolls of remove curse
 t - a scroll of recharging
 z - a scroll of enchant armour
 K - a scroll of blinking
 Y - 4 scrolls of fog
Potions
 d - 7 potions of brilliance
 f - a potion of magic
 g - 2 potions of might
 i - a potion of berserk rage
 q - 3 potions of cancellation
 r - 6 potions of curing
 x - 4 potions of ambrosia
 B - a potion of agility
 I - 3 potions of haste
 L - 2 potions of heal wounds
 N - a potion of invisibility
Comestibles
 a - 5 slices of pizza
 c - 10 bread rations
 k - 14 meat rations
 w - 5 royal jellies
 X - 11 fruits


   Skills:
 - Level 4.0 Fighting
 - Level 9.0 Armour
 - Level 4.0 Dodging
 - Level 5.0 Stealth
 - Level 5.0 Shields
 + Level 12.0 Spellcasting
 * Level 17.4 Conjurations
 - Level 5.0 Necromancy
 - Level 8.0 Fire Magic
 - Level 5.0 Earth Magic


You had 14 spell levels left.
You knew the following spells:

 Your Spells              Type           Power        Failure   Level  Hunger
a - Flame Tongue          Conj/Fire      #####        1%          1    None
b - Stone Arrow           Conj/Erth      ######       1%          3    None
c - Sticky Flame          Conj/Fire      ########     1%          4    None
d - Corpse Rot            Necr           N/A          1%          2    None
e - Iron Shot             Conj/Erth      #######...   3%          6    #####..
f - Fireball              Conj/Fire      ########..   1%          5    ###....
g - Conjure Flame         Conj/Fire      ########     1%          3    None


Dungeon Overview and Level Annotations

Branches:
Dungeon (12/15)            Temple (1/1) D:5            Lair (6/6) D:11
  Swamp (3/4) Lair:3        Snake (0/4) Lair:3        Slime (0/5) Lair:6
    Orc (0/2) D:11

Altars:
Ashenzari
Cheibriados
Dithmenos
Elyvilon
Fedhas
Gozag
Hepliaklqana
Kikubaaqudgha
Makhleb
Nemelex Xobeh
Okawaru
Qazlal
Ru
Sif Muna
Trog
Uskayaw
Vehumet
Xom
Yredelemnul
Zin
The Shining One
Beogh


Innate Abilities, Weirdness & Mutations

You are resistant to torment.
Your stone body is resilient. (AC +11)
You are immune to poison.
Your large and strong wings let you fly indefinitely.
You resist negative energy. (rN+)
You are resistant to electric shocks. (rElec)
You can survive without breathing.
You are immune to petrification.
You are immune to rotting.
You have large cloven feet.
You are surrounded by a mild repulsion field. (EV +2)
You are partially covered in large bone plates. (SH +4)
You have a somewhat thin skeletal structure. (Dex +2, Stealth)
You possess an exceptional clarity of mind.
Your mind is acute. (Int +2)
Your body sometimes deteriorates upon taking damage.


Message History

* * * LOW HITPOINT WARNING * * *
Okay, then.
You feel much better.
The thorn hunter burns!
The thorn hunter fires a volley of thorns at you.
The volley of thorns misses you.
You block the shambling mangrove's attack.
Casting: Sticky Flame
Confirm with . or Enter, or press ? or * to list all spells.
Aiming: Fireball
Press: ? - help, Shift-Dir - straight line, p - thorn hunter You feel a strong surge of power!
The fireball explodes!
The fireball engulfs the shambling mangrove.
The shambling mangrove is heavily damaged.
You smell burning wood.
The tree smoulders and burns.
The fireball engulfs the thorn hunter.
The thorn hunter is burned terribly!
The thorn hunter is heavily damaged.
The thorn hunter burns!
The thorn hunter fires a volley of thorns at you.
The volley of thorns hits you!
You die...

....≈♣...♣♣♣♣P...♣..≈≈.
.....§...♣♣..♣..♣...≈.. ..
...≈§...♣♣≈PPPPP♣..≈..♣
..§P♣
.≈......♣♣P.PPPP♣..≈..♣ ♣P
♣.♣♣.≈≈.≈♣PP....♣..§P)♣♣♣.
♣.♣
♣♣♣♣♣...♣♣♣PP♣..♣...≈.....
♣ ♣♣....♣♣♣♣....♣..≈≈...≈
♣♣♣♣≈......♣♣♣♣..≈....≈≈≈.
♣.♣♣♣≈....♣.≈♣♣♣@.≈.......
≈≈.≈♣.≈≈.♣♣§♣♣..f..♣≈.....
♣..≈.≈≈..♣.♣♣..♣§.f.P≈♣♣♣♣
♣♣.≈≈.♣.≈..PP.♣♣§.........
♣♣.≈♣♣♣..≈.PP♣♣♣♣...P...♣♣
♣...♣♣♣♣≈♣♣PP♣♣ ♣♣.♣....♣
♣♣≈..♣ ♣♣♣♣P≈.♣ ♣.PPP♣♣♣
♣♣.♣♣ ♣≈.♣♣ ♣♣:♣♣♣ ♣♣♣
♣≈.♣♣ ♣♣


You could see a thorn hunter (burning) and a shambling mangrove.

Vanquished Creatures
  Gastronok (Lair:2)
  A thorn hunter (Swamp:3)
  A dire elephant (Lair:6)
  Snorg (D:10)
  12 hydras
  Fannar (Lair:2)
  Erica (D:10)
  A merfolk avatar (Lair:6)
  5 death yaks (Lair:6)
  An alligator (Swamp:1)
  3 hill giants
  A harpy (Lair:6)
  2 swamp dragons
  An ugly thing (D:11)
  An oklob plant (Swamp:3)
  A manticore (Lair:6)
  A cyclops (D:11)
  2 elephants (Lair:6)
  4 black mambas
  Psyche (D:11)
  24 spiny frogs
  4 rime drakes
  13 komodo dragons
  2 tyrant leeches (Swamp:2)
  The ghost of rozman the Magician, an amateur NaWr (D:4)
  A troll (D:11)
  6 polar bears
  15 blink frogs
  11 dream sheep (Lair:6)
  2 hornets
  A bog body (Swamp:2)
  4 hippogriffs
  7 slime creatures
  12 yaks
  5 humans
  9 wyverns
  2 basilisks
  4 hogs (D:7)
  4 vampire mosquitoes (Swamp:2)
  5 hungry ghosts
  5 nagas
  8 swamp worms
  14 water moccasins
  5 porcupines
  3 black bears
  4 swamp drakes
  An ice beast (D:8)
  An eye of draining (D:8)
  9 orc warriors
  A hornet zombie (D:11)
  3 sky beasts
  3 ogres
  A necrophage (D:8)
  2 phantoms
  15 wolves
  8 centaurs
  21 crocodiles
  2 big kobolds
  5 bullfrogs
  4 killer bees (D:11)
  4 scorpions
  A water moccasin skeleton (D:6)
  3 wights (D:6)
  3 howler monkeys
  5 jellies
  2 crimson imps
  2 bullfrog zombies
  A centaur zombie (D:5)
  A gnoll shaman (D:6)
  3 hounds
  14 orc priests
  3 centaur skeletons
  16 orc wizards
  A bullfrog skeleton (D:7)
  5 iguanas
  9 worker ants
  A worker ant zombie (D:6)
  12 gnolls
  10 adders
  2 shadow imps
  3 oozes
  An adder zombie (D:7)
  4 worms
  3 dart slugs
  5 leopard geckos
  63 orcs
  4 bats
  6 giant cockroaches
  6 goblins
  2 hobgoblins
  7 jackals
  38 kobolds
  7 quokkas
  9 frilled lizards
  3 quokka skeletons
  A quokka zombie (D:5)
  4 rats
  A butterfly (Lair:1)
  2 fungi
  2 plants (Lair:6)
558 creatures vanquished.

Vanquished Creatures (others)
  A quokka (D:7)
  2 bushes (Lair:6)
  18 fungi
  20 plants
41 creatures vanquished.

Grand Total: 599 creatures vanquished

Notes
Turn   | Place    | Note
-------+----------+-------------------------------------------
     0 | D:1      | Ajonos the Gargoyle Fire Elementalist began the quest for the Orb.
     0 | D:1      | Reached XP level 1. HP: 10/10 MP: 3/3
    84 | D:1      | Reached skill level 2 in Conjurations
   177 | D:1      | Reached XP level 2. HP: 15/15 MP: 3/5
   651 | D:1      | You fall through a shaft!
   706 | D:2      | Reached XP level 3. HP: 19/19 MP: 1/6
   936 | D:2      | Learned a level 3 spell: Conjure Flame
   952 | D:2      | Reached skill level 3 in Conjurations
  1145 | D:2      | Reached XP level 4. HP: 24/24 MP: 4/8
  1593 | D:3      | Reached skill level 4 in Conjurations
  1655 | D:3      | Reached XP level 5. HP: 20/28 MP: 4/9
  2262 | D:4      | Noticed rozman's ghost (amateur NaWr)
  2285 | D:4      | Killed rozman's ghost
  2285 | D:4      | Reached skill level 5 in Conjurations
  2285 | D:4      | Reached XP level 6. HP: 32/35 MP: 5/11
  2375 | D:4      | Reached XP level 7. HP: 40/40 MP: 7/13
  2745 | D:4      | Found a radiant altar of Vehumet.
  2915 | D:5      | Entered Level 5 of the Dungeon
  3188 | D:5      | Found a staircase to the Ecumenical Temple.
  3199 | Temple   | Entered the Ecumenical Temple
  3309 | Temple   | Became a worshipper of Sif Muna the Loreminder
  3363 | D:5      | Learned a level 1 spell: Summon Small Mammal
  3586 | D:5      | Reached skill level 1 in Armour
  3958 | D:6      | Reached XP level 8. HP: 48/48 MP: 8/14
  4028 | D:6      | Learned a level 2 spell: Corpse Rot
  4219 | D:6      | Reached skill level 6 in Conjurations
  4464 | D:6      | Reached * piety under Sif Muna
  4464 | D:6      | Reached skill level 1 in Necromancy
  4735 | D:6      | Reached skill level 5 in Spellcasting
  5330 | D:6      | Reached XP level 9. HP: 52/52 MP: 12/17
  5333 | D:6      | Reached skill level 7 in Conjurations
  5432 | D:6      | Reached ** piety under Sif Muna
  6200 | D:7      | Learned a level 4 spell: Sticky Flame
  6206 | D:7      | Learned a level 5 spell: Fireball
  6266 | D:7      | Gained mutation: You are surrounded by a mild repulsion field. (EV +2) [mutagenic meat]
  6267 | D:7      | Gained mutation: You are partially covered in large bone plates. (SH +4) [mutagenic meat]
  6268 | D:7      | Gained mutation: Your mind is acute. (Int +2) [mutagenic meat]
  6269 | D:7      | Gained mutation: You evolve. [mutagenic meat]
  6270 | D:7      | Gained mutation: You have large cloven feet. [mutagenic meat]
  6271 | D:7      | Gained mutation: You tend to lose your temper in combat. [mutagenic meat]
  6274 | D:7      | Noticed a hill giant
  6275 | D:7      | Found a white marble altar of Elyvilon.
  6291 | D:7      | Killed a hill giant
  6291 | D:7      | Reached *** piety under Sif Muna
  6291 | D:7      | Reached skill level 8 in Conjurations
  6291 | D:7      | Reached skill level 5 in Fire Magic
  6291 | D:7      | Reached XP level 10. HP: 26/56 MP: 1/20
  6525 | D:7      | Got a distressingly furry helmet
  6547 | D:7      | Identified the +0 helmet of the Failed Coup {+Fly rF+ rC-} (You found it on level 7 of the Dungeon)
  6952 | D:7      | Found a hide-covered altar of Uskayaw.
  6964 | D:7      | Found a glowing golden altar of the Shining One.
  6993 | D:7      | Reached **** piety under Sif Muna
  7089 | D:7      | Gained mutation: Your body sometimes deteriorates upon taking damage. [evolution]
  7485 | D:8      | Reached skill level 9 in Conjurations
  7528 | D:8      | Reached skill level 5 in Necromancy
  7625 | D:8      | Reached ***** piety under Sif Muna
  8048 | D:8      | Identified Sif Muna's Compendium of Combat Magic (Sif Muna gifted it to you on level 8 of the Dungeon)
  8048 | D:8      | Received a gift from Sif Muna
  8055 | D:8      | Learned a level 3 spell: Stone Arrow
  8068 | D:8      | Reached skill level 1 in Earth Magic
  8667 | D:9      | Reached skill level 1 in Shields
  8850 | D:9      | Identified a +2 pair of boots of running (You found it on level 9 of the Dungeon)
  8985 | D:9      | Gained mutation: You have a somewhat thin skeletal structure. (Dex +2, Stealth) [evolution]
  8985 | D:9      | Lost mutation: You evolve. [end of evolution]
  9221 | D:10     | Entered Level 10 of the Dungeon
  9224 | D:10     | Reached XP level 11. HP: 61/61 MP: 18/22
  9414 | D:10     | Got a translucent halberd
  9415 | D:10     | Identified the +7 halberd of Insufficient Pleasure {venom, rPois} (You found it on level 10 of the Dungeon)
  9457 | D:10     | Noticed a hill giant
  9467 | D:10     | Killed a hill giant
  9647 | D:10     | Learned a level 6 spell: Iron Shot
  9712 | D:10     | Reached skill level 10 in Conjurations
  9964 | D:11     | Noticed Erica
  9964 | D:11     | Noticed Snorg
  9967 | D:11     | Noticed Psyche
  9983 | D:10     | Killed Snorg
 10255 | D:10     | Killed Erica
 10388 | D:11     | Killed Psyche
 11036 | D:11     | Found a roughly hewn altar of Beogh.
 11036 | D:11     | Found a staircase to the Orcish Mines.
 11151 | D:11     | Noticed a cyclops
 11161 | D:11     | Killed a cyclops
 11397 | D:11     | Lost mutation: You tend to lose your temper in combat. [mutagenic meat]
 11421 | D:11     | Reached skill level 5 in Shields
 11438 | D:11     | Reached skill level 11 in Conjurations
 11662 | D:11     | Found a staircase to the Lair.
 11714 | D:11     | Noticed a green ugly thing
 11718 | D:11     | Noticed a hill giant
 11743 | D:11     | Killed a green ugly thing
 11750 | D:11     | Killed a hill giant
 11819 | D:11     | Reached XP level 12. HP: 59/66 MP: 5/24
 12193 | Lair:1   | Entered Level 1 of the Lair of Beasts
 12196 | Lair:1   | Identified Diceamid's Incunabulum of Sinister Arts and Arcane Weapons (Sif Muna gifted it to you on level 1 of the Lair of Beasts)
 12196 | Lair:1   | Received a gift from Sif Muna
 12322 | Lair:1   | Reached skill level 5 in Armour
 13430 | Lair:2   | Noticed Gastronok
 13443 | Lair:2   | Killed Gastronok
 13443 | Lair:2   | Reached skill level 12 in Conjurations
 13443 | Lair:2   | Reached skill level 5 in Earth Magic
 13662 | Lair:2   | Noticed Fannar
 13680 | Lair:2   | Killed Fannar
 13916 | Lair:2   | Noticed a seven-headed hydra
 13921 | Lair:2   | Killed a seven-headed hydra
 14453 | Lair:3   | Reached skill level 13 in Conjurations
 14530 | Lair:3   | Found a staircase to the Snake Pit.
 14602 | Lair:3   | Found a staircase to the Swamp.
 14623 | Lair:3   | Reached XP level 13. HP: 54/70 MP: 4/26
 15092 | Lair:3   | Identified Coanwom's Handbook of Dark Magic (Sif Muna gifted it to you on level 3 of the Lair of Beasts)
 15092 | Lair:3   | Received a gift from Sif Muna
 16122 | Lair:5   | Reached skill level 10 in Spellcasting
 16154 | Lair:5   | Reached skill level 14 in Conjurations
 16401 | Lair:5   | Found a sparkling altar of Nemelex Xobeh.
 16588 | Lair:6   | Entered Level 6 of the Lair of Beasts
 17508 | Lair:6   | Reached skill level 15 in Conjurations
 17675 | Lair:6   | Identified Sif Muna's Volume of Congealing Curses (Sif Muna gifted it to you on level 6 of the Lair of Beasts)
 17675 | Lair:6   | Received a gift from Sif Muna
 17677 | Lair:6   | Gained mutation: Your large and strong wings let you fly indefinitely. [Gargoyle growth]
 17677 | Lair:6   | Reached XP level 14. HP: 64/76 MP: 7/28
 18697 | Lair:6   | Reached skill level 5 in Stealth
 18867 | Lair:6   | Noticed a dire elephant
 18898 | Lair:6   | Reached skill level 16 in Conjurations
 19077 | Lair:6   | Killed a dire elephant
 19227 | Lair:6   | Gained mutation: You possess an exceptional clarity of mind. [potion of beneficial mutation]
 19303 | Lair:6   | Identified Sif Muna's Incunabulum of the Frostbite and the Mountains (Sif Muna gifted it to you on level 6 of the Lair of Beasts)
 19303 | Lair:6   | Received a gift from Sif Muna
 19348 | Lair:6   | Found a staircase to the Slime Pits.
 19662 | Swamp:1  | Entered Level 1 of the Swamp
 20551 | Swamp:2  | Reached skill level 17 in Conjurations
 21024 | Swamp:2  | Reached XP level 15. HP: 64/80 MP: 21/30
 21757 | Swamp:3  | Got a steaming bronze ring
 21760 | Swamp:3  | Identified the ring "Diwk" {Wiz rPois Int+5} (You found it on level 3 of the Swamp)
 21766 | Swamp:3  | Noticed a thorn hunter
 21770 | Swamp:3  | Killed a thorn hunter
 21779 | Swamp:3  | Noticed a thorn hunter
 21790 | Swamp:3  | Killed from afar by a thorn hunter

Skill      XL: |  1  2  3  4  5  6  7  8  9 10 11 12 13 14 15 |
---------------+----------------------------------------------+-----
Conjurations   | 2 3 4 5 6 8 9 11 13 15 17 | 17.4
Spellcasting   | 3 4 5 6 7 8 9 10 11 12 | 12.0
Fighting       | 2 3 4 |  4.0
Dodging        | 2 3 4 |  4.0
Armour         | 1 4 7 9 |  9.0
Necromancy     | 2 4 5 |  5.0
Fire Magic     | 5 6 7 8 |  8.0
Earth Magic    | 3 4 5 |  5.0
Shields        | 2 5 |  5.0
Stealth        | 5 |  5.0

Action                   |  1- 3 |  4- 6 |  7- 9 | 10-12 | 13-15 || total
-------------------------+-------+-------+-------+-------+-------++-------
Melee: Unarmed           |    22 |     5 |    25 |       |       ||    52
       Mace              |       |       |    54 |   195 |    88 ||   337
       Halberd           |       |       |       |    14 |       ||    14
       Staff             |       |       |       |       |    42 ||    42
 Cast: Flame Tongue      |    58 |    83 |   313 |   522 |   276 ||  1252
       Conjure Flame     |       |       |     1 |       |       ||     1
       Sticky Flame      |       |       |     1 |    69 |   105 ||   175
       Corpse Rot        |       |       |     1 |       |     1 ||     2
       Stone Arrow       |       |       |       |    51 |     4 ||    55
       Summon Small Mamm |       |       |       |     1 |       ||     1
       Fireball          |       |       |       |    20 |    64 ||    84
 Abil: Fly               |       |       |       |       |     1 ||     1
  Use: Scroll            |       |       |     9 |    27 |     5 ||    41
       Potion            |       |       |       |       |     2 ||     2
 Stab: Sleeping          |       |     1 |       |       |       ||     1
       Confused          |       |       |       |     1 |       ||     1
  Eat: Chunk             |     2 |     3 |    18 |    30 |    30 ||    83
       Beef jerky        |       |       |       |     6 |       ||     6
       Pizza             |       |       |       |     1 |     2 ||     3
Armor: Robe              |    16 |    16 |    11 |       |    60 ||   103
       Ring mail         |       |       |   119 |   371 |   232 ||   722
Dodge: Dodged            |    28 |    17 |   143 |   469 |   291 ||   948
Block: Other             |       |       |     6 |    69 |       ||    75
       Buckler           |       |       |       |   216 |   222 ||   438
